 Dungeon Crawl Stone Soup version 0.30.0-29-ga12c61a403 (webtiles) character file.

Game seed: 4150189872067650010

7 Heoruswealwe the Digger (level 1, 0/10 HPs)
             Began as a Deep Elf Earth Elementalist on June 24, 2023.
             Slain by a hobgoblin (2 damage)
             ... on level 1 of the Dungeon.
             The game lasted 00:01:11 (73 turns).

Heoruswealwe the Digger (Deep Elf Earth Elementalist) Turns: 73, Time: 00:01:11

Health: 0/10       AC:  2    Str:  5    XL:     1   Next: 83%
Magic:  1/6        EV: 12    Int: 19    God:
Gold:   0          SH:  0    Dex: 15    Spells: 5/6 levels left

rFire   . . .        (no weapon)
rCold   . . .        (no shield)
rNeg    . . .        c - +0 robe
rPois   .            (no helmet)
rElec   .            (no cloak)
rCorr   .            (no gloves)
SInv    .            (no boots)
Will    .....        (no amulet)
Stlth   ++           (no ring)
HPRegen 0.21/turn    (no ring)
MPRegen 0.10/turn

%: no passive effects
@: no status effects
A: no striking features
a: no special abilities


You were on level 1 of the Dungeon.
You visited 1 branch of the dungeon, and saw 1 of its levels.

Inventory:

Armour
 c - a +0 robe (worn)
Potions
 b - a potion of magic


   Skills:
 - Level 2.4 Dodging
 - Level 2.4 Stealth
 + Level 3.4 Spellcasting
 - Level 1.1 Transmutations
 + Level 3.5 Earth Magic


You had 5 spell levels left.
You knew the following spells:

 Your Spells              Type           Power      Damage    Failure   Level
a - Sandblast             Erth           32%        2d9       3%          1

Your spell library contained the following spells:

 Spells                   Type           Power      Damage    Failure   Level
 Passwall                 Tmut/Erth      10%        N/A       9%          2
 Stone Arrow              Conj/Erth      20%        3d8       22%         3
 Petrify                  Tmut/Erth      12%        N/A       50%         4


Dungeon Overview and Level Annotations

Branches:
Dungeon (1/15)

Altars:


Message History

You kill the kobold!
The kobold throws a stone.
The stone barely misses you.
You see here a +0 ring mail.
The blast of sand hits the hobgoblin!
You kill the hobgoblin!
The kobold throws a stone.
The stone misses you. The giant cockroach closely misses you.
The giant cockroach attacks as you move away!
The giant cockroach barely misses you.
The giant cockroach attacks as you move away!
The giant cockroach closely misses you.
You see here a ball python corpse.
The giant cockroach bites you but does no damage.
You miscast Sandblast.
You are very lightly contaminated with residual magic.
Nothing appears to happen.
The giant cockroach bites you.
The giant cockroach attacks as you move away!
The giant cockroach closely misses you. The kobold attacks as you move away!
The kobold barely misses you.
You see here a ball python corpse.
A gnoll comes into view. It is wielding a +0 whip.
Found an orange potion.
The gnoll shouts!
You hear a shout!
A hobgoblin comes into view.
The giant cockroach barely misses you. The hobgoblin hits you.
The gnoll barely misses you.
The giant cockroach attacks as you move away!
The giant cockroach bites you but does no damage.
The hobgoblin hits you. The gnoll hits you with a +0 whip.
* * * LOW HITPOINT WARNING * * *
Your magical contamination has completely faded away.
You see here an orange potion.
The hobgoblin attacks as you move away! The hobgoblin misses you.
The giant cockroach bites you.
* * * LOW HITPOINT WARNING * * *
The giant cockroach bites you but does no damage.
The kobold throws a stone.
The stone barely misses you. The hobgoblin attacks as you move away!
The hobgoblin barely misses you. The hobgoblin attacks as you move away!
The hobgoblin hits you.
You die...

######### .....
######g.!....# .....
#....@Bg.....# ......
#.####K......# .....)
####.#### ......###
##.#
.....)..###########†.#
...)....†[....†.....##
.....)....##..##..###
..........###'###'#
............#.~#~.#


You could see a gnoll, a giant cockroach, a hobgoblin and a kobold.

Vanquished Creatures
  3 ball pythons (D:1)
  A hobgoblin (D:1)
  A frilled lizard (D:1)
  A goblin (D:1)
  2 kobolds (D:1)
8 creatures vanquished.

Notes
Turn   | Place    | Note
-------+----------+-------------------------------------------
     0 | D:1      | Heoruswealwe the Deep Elf Earth Elementalist began the
                  | quest for the Orb.
     0 | D:1      | Reached XP level 1. HP: 10/10 MP: 6/6
    73 | D:1      | Slain by a hobgoblin

Illustrated notes

Levels and vault maps discovered:
D:1:      tarquinn_simple_flora_water_d, layout_rooms, dk_noncrumbling_4,
          columned_hall_lemuel

Action                     || total
---------------------------++-------
  Melee: Unarmed           ||     8
   Cast: Sandblast         ||     9
 Armour: Robe              ||     3
  Dodge: Dodged            ||    13
